 Dungeon Crawl Stone Soup version 0.32-a0-975-g85d4e5bfdb (webtiles) character file.

Game seed: 11609234930586708146

57 Autsider the Grasshopper (level 4, -3/23 HPs)
             Began as a Vine Stalker Warper on Apr 18, 2024.
             Slain by Crazy Yiuf
             ... wielding a +4 quarterstaff of chaos
              (7 damage)
             ... on level 2 of the Dungeon.
             The game lasted 00:02:14 (1935 turns).

Autsider the Grasshopper (Vine Stalker Warper)      Turns: 1935, Time: 00:02:14

Health: -3/23      AC:  3    Str: 14    XL:     4   Next: 0%
Magic:  0/8        EV: 11    Int: 13    God:
Gold:   90         SH:  0    Dex: 15    Spells: 7/7 levels left

rFire   . . .        a - +0 short sword
rCold   + . .        (no shield)
rNeg    . . .        b - +0 leather armour
rPois   .            (no helmet)
rElec   .            (no cloak)
rCorr   .            (no gloves)
SInv    .            (no boots)
Will    .....        (no amulet)
Stlth   ++           k - ring of protection from cold
HPRegen 1.03/turn    (no ring)
MPRegen 0.11/turn

%: guardian spirit
@: mighty
A: fangs 2, regeneration 1, magic shield, antimagic bite, no potion heal 2
a: no special abilities


You were on level 2 of the Dungeon.
You visited 1 branch of the dungeon, and saw 2 of its levels.

You collected 90 gold pieces.

Inventory:

Hand Weapons
 a - a +0 short sword (weapon)
Missiles
 d - 7 darts of dispersal (quivered)
 i - 6 poisoned darts
Armour
 b - a +0 leather armour (worn)
Jewellery
 k - a ring of protection from cold (left hand)
Scrolls
 c - a scroll of blinking
 h - 2 scrolls of summoning {unknown}
 j - 2 scrolls of enchant weapon {unknown}
 n - a scroll of identify {@r1}
Potions
 e - 2 potions of curing {@q1}
 f - a potion of berserk rage {unknown}
 g - a potion of attraction {unknown}
 l - a potion of magic {unknown}
 m - a potion of degeneration {unknown}


   Skills:
 - Level 2.0 Fighting
 - Level 1.7 Short Blades
 - Level 0.8 Throwing
 - Level 0.7 Armour
 + Level 2.5 Dodging
 + Level 3.0 Stealth
 - Level 2.1 Spellcasting
 - Level 3.0 Translocations


You had 7 spell levels left.
You didn't know any spells.
Your spell library contained the following spells:

 Spells                   Type           Power      Damage    Failure   Level
 Blink                    Tloc           18%        N/A       14%         2
 Lesser Beckoning         Tloc           18%        N/A       14%         2
 Maxwell's Portable Pile  Tloc           9%         2d(6-16)  28%         3
 Teleport Other           Tloc           9%         N/A       28%         3
 Sublimation of Blood     Necr           1%         N/A       43%         2
 Vhi's Electric Charge    Tloc/Air       10%        N/A       86%         4
 Curse of Agony           Necr           1%         N/A       100%        5
 Rimeblight               Ice/Necr       0%         2d4       (prima100%   7


Dungeon Overview and Level Annotations

Branches:
Dungeon (2/15)

Altars:

Annotations:
D:2 Crazy Yiuf, Sigmund


Innate Abilities, Weirdness & Mutations

You have extremely sharp teeth.
Your natural rate of healing is unusually fast.
When hurt, damage is shared between your health and your magic reserves.
Your bite disrupts and absorbs the magic of your enemies.
Potions cannot restore your health.


Message History

You puncture the ball python!
You kill the ball python!
You have reached level 4!
You feel stronger.
You see here a ball python corpse.
Found a stone staircase leading up.
You see here a ball python corpse.
Found a stone staircase leading down.
e - 2 potions of curing {@q1} (gained 1)
Found a stone staircase leading up.
Could not explore, unopened runed door.
You open the door.
There is an open translucent door here.
Crazy Yiuf shouts!
Crazy Yiuf says, "Ghoul!
Trifle fast horse."
You completely miss Crazy Yiuf. You bite Crazy Yiuf, but do no damage.
You barely miss Crazy Yiuf. Your bite misses Crazy Yiuf.
Crazy Yiuf says, "Action sing agre!"
Crazy Yiuf closely misses you.
You hit Crazy Yiuf but do no damage. Crazy Yiuf barely misses you.
You closely miss Crazy Yiuf. You bite Crazy Yiuf, but do no damage.
Crazy Yiuf hits you with a +4 quarterstaff of chaos.
You feel very mighty all of a sudden.
You puncture Crazy Yiuf!
Crazy Yiuf is severely wounded.
Crazy Yiuf whimpers, "Nubble tea noodlescoop!"
Crazy Yiuf barely misses you.
You closely miss Crazy Yiuf. Your bite misses Crazy Yiuf.
Crazy Yiuf is severely wounded.
Crazy Yiuf hits you with a +4 quarterstaff of chaos!
* * * LOW HITPOINT WARNING * * *
You barely miss Crazy Yiuf.
Crazy Yiuf is severely wounded.
Crazy Yiuf hits you with a +4 quarterstaff of chaos!
* * * LOW HITPOINT WARNING * * *
You closely miss Crazy Yiuf.
Crazy Yiuf is severely wounded.
Crazy Yiuf screams, "Aardvark shoe blue!"
Crazy Yiuf hits you with a +4 quarterstaff of chaos!
You die...

.# #.# .### #.# ...#
#># .#.# ### .#.##
....####♣♣♣♣♣
....##....♣.♣♣♣#####
....#...P..♣..♣#..÷#
.#+.....PP♣♣♣♣.'@g.#
.#.##...P♣♣ ♣♣#..)#
.#....##♣♣ #####
.###### .#
.##########
.....#.##.#
.....#.##.#
..........#


You could see Crazy Yiuf.

Vanquished Creatures
  2 adders (D:2)
  A dart slug (D:1)
  2 ribbon worms (D:2)
  4 ball pythons
  2 endoplasms
  A giant cockroach (D:2)
  2 goblins (D:2)
  A hobgoblin (D:1)
  4 jackals (D:2)
  2 kobolds
  2 quokkas
  5 bats
  3 frilled lizards
  2 rats (D:2)
33 creatures vanquished.

Notes
Turn   | Place    | Note
-------+----------+-------------------------------------------
     0 | D:1      | Autsider the Vine Stalker Warper began the quest for the
                  | Orb.
     0 | D:1      | Reached XP level 1. HP: 11/11 MP: 4/4
   121 | D:1      | Found a faded altar of an unknown god.
   262 | D:1      | Reached skill level 1 in Stealth
   262 | D:1      | Reached XP level 2. HP: 15/15 MP: 4/6
  1143 | D:2      | Reached XP level 3. HP: 9/18 MP: 4/7
  1249 | D:2      | Noticed Sigmund
  1464 | D:2      | Found a runed translucent door.
  1465 | D:2      | Noticed Crazy Yiuf
  1722 | D:2      | Reached XP level 4. HP: 23/23 MP: 8/8
  1935 | D:2      | Slain by Crazy Yiuf

Illustrated notes

Levels and vault maps discovered:
D:1:      eino_arrival_tree_alley, layout_basic, ebering_ecumenical_altar_ruins,
          interstate_on_off
D:2:      layout_basic, uniq_sigmund, uniq_crazy_yiuf_cottage

Skill      XL: |  1  2  3 |
---------------+----------+-----
Fighting       | 2 |  2.0
Stealth        | 1 2 3 |  3.0
Dodging        | 2 |  2.5
Short Blades   | |  1.7
Throwing       | |  0.8
Armour         | |  0.7
Spellcasting   | |  2.1
Translocations | |  3.0

Action                     |  1- 3 |  4- 6 || total
---------------------------+-------+-------++-------
  Melee: Short sword       |   136 |     8 ||   144
         Bite              |    34 |     2 ||    36
    Use: Scroll            |     1 |       ||     1
   Stab: Sleeping          |     6 |       ||     6
 Armour: Leather armour    |    75 |     4 ||    79
  Dodge: Dodged            |    82 |     3 ||    85

Table legend: (Time is in decaauts)
 A = Elapsed time spent in this place.
 B = Non-inter-level travel time spent in this place.
 C = Inter-level travel time spent in this place.
 D = Time resting spent in this place.
 E = Time spent auto-exploring this place.
 F = Levels seen in this place.
 G = Mean time per level.
                   A        B        C        D        E       F      G
               +--------+--------+--------+--------+--------+-----+--------+
         Total |   1921 |   1872 |     49 |     29 |   1549 |   2 |  960.5 |
       Dungeon |   1921 |   1872 |     49 |     29 |   1549 |   2 |  960.5 |
               +--------+--------+--------+--------+--------+-----+--------+

Top non-repeatable levels by time:
     D:2: 1005 daAuts
     D:1: 916 daAuts
